 Dungeon Crawl Stone Soup version 0.29-a0-1009-g60c99734e7 (webtiles) character file.

Game seed: 17228277418855899175

156 Sobieck the Ruffian (level 5, -3/46 HPs)
             Began as a Ghoul Monk on Aug 8, 2022.
             Slain by Pikel
             ... wielding a +1 whip of flaming
              (5 damage)
             ... on level 4 of the Dungeon.
             The game lasted 00:07:10 (2818 turns).

Sobieck the Ruffian (Ghoul Monk)                    Turns: 2818, Time: 00:07:10

Health: -3/46      AC:  5    Str: 17    XL:     5   Next: 37%
Magic:  4/4        EV:  9    Int:  5    God:
Gold:   137        SH:  9    Dex: 11    Spells: 4/4 levels left

rFire   . . .      SeeInvis .     - Unarmed
rCold   + . .      Faith    .   B - +2 kite shield
rNeg    + + +      Spirit   .   g - +0 ring mail
rPois   ∞          Reflect  .   (no helmet)
rElec   .          Harm     .   i - scarf {shadows}
rCorr   .          Rampage  .   (no gloves)
Will    .....                   (no boots)
Stlth   +.........              G - amulet of the acrobat
HPRegen 0.00/turn               (no ring)
MPRegen 0.09/turn               (no ring)

@: inhibited regen
A: claws 1, cold resistance 1, negative energy resistance 3, inhibited
regeneration, torment resistance 2, devour on kill
a: no special abilities


You were on level 4 of the Dungeon.
You visited 1 branch of the dungeon, and saw 4 of its levels.

You collected 137 gold pieces.


Innate Abilities, Weirdness & Mutations

You are immune to poison.
You have sharp fingernails.
Your flesh is cold resistant. (rC+)
You are immune to negative energy. (rN+++)
You do not regenerate when monsters are visible.
You are immune to unholy pain and torment.
You thrive by killing the living.


   Skills:
 + Level 4.3 Fighting
 - Level 2.6 Dodging
 - Level 2.1 Stealth
 + Level 1.0 Shields
 * Level 5.6 Unarmed Combat


You had 4 spell levels left.
You didn't know any spells.
Your spell library was empty.

Inventory:

Hand Weapons
 f - a +1 short sword of venom {short}
   (You took it off a kobold on level 1 of the Dungeon)
Missiles
 d - 52 stones (quivered) {throwing}
 s - 2 poisoned darts {throwing}
 F - 2 boomerangs {throwing}
Armour
 a - a +0 robe
 c - a +0 robe
   (You took it off an orc wizard on level 3 of the Dungeon)
 g - a +0 ring mail (worn)
   (You found it on level 1 of the Dungeon)
 i - a scarf of shadows (worn)
   (You found it on level 1 of the Dungeon)
 n - a +0 leather armour
   (You found it on level 1 of the Dungeon)
 o - a +0 robe
   (You found it on level 1 of the Dungeon)
 q - a +0 chain mail
   (You found it on level 1 of the Dungeon)
 y - a +0 leather armour
   (You found it on level 2 of the Dungeon)
 z - a +0 ring mail
   (You found it on level 2 of the Dungeon)
 B - a +2 kite shield (worn)
   (You found it on level 2 of the Dungeon)
 J - a +0 robe
   (You found it on level 3 of the Dungeon)
Magical Staves
 p - a staff of earth {!astaff}
   (You found it on level 1 of the Dungeon)
Jewellery
 l - a ring of fire
   (You found it on level 1 of the Dungeon)
 G - an amulet of the acrobat (around neck)
   (You found it on level 3 of the Dungeon)
Scrolls
 e - a scroll of amnesia
Potions
 b - a potion of ambrosia
 h - 2 potions of heal wounds {@q2}
 j - 2 potions of mutation
 k - 3 potions of haste {@q3}
 u - a potion of attraction {unknown}
 v - a potion of lignification {unknown}
 w - a potion of degeneration {unknown}
 D - a potion of invisibility {unknown}
 I - 2 potions of brilliance {unknown}

Dungeon Overview and Level Annotations

Branches:
Dungeon (4/15) Zot: 21180
 Temple: D:4-7

Altars:
Sif Muna

Shops:
D:4 ((

Annotations:
D:3 3 runed translucent doors, SweetJohnnyV's ghost, novice MiAK
D:4 Pikel

#.**.# ***..#......# ##****
*,,.#####...### *** ****
*.##* ###...# ,,* **~~* *.#
###.# ,,*** **~~####.# #.#
,,,,***~~*#....* #.#
***,,**~~~#...#* #.#
**,,,*≈≈≈##.#5########## #.#
,,,~,~≈≈≈P.S555K@......###.#
,,~~~,≈≈P.~.##########..##.#
,~,~~~≈~.~..* ##.##.#
,~~~~~5~...#* #######.##.#
~~~~~~h~...* #..........#
~~~~~~...#.* #..)....##.#
~~~~~,~5##,* #......###.#
~~~,~~,,**,* #......# #.#
~~,~,,,***,*** #.....<# #.#


You could see Pikel, 4 lemures and a ball python.


Message History

There is an entrance to Hazufi's Weapon Boutique here.
You see here a +0 dagger {short}.
A kobold comes into view. It is wielding a +0 hand axe.
The kobold shouts!
Danger!
The kobold throws a stone.
You block the stone. The kobold misses you.
You scratch the kobold. The kobold hits you but does no damage.
You closely miss the kobold. You block the kobold's attack.
You scratch the kobold.
You kill the kobold!
No target in view!
d - 40 stones {throwing} (gained 3)
Things that are here:
a +0 hand axe {axe}; a kobold corpse
d - 47 stones {throwing} (gained 7)
d - 52 stones {throwing} (gained 5) 3 jackals come into view.
The jackal barks! x2; You hear a shout! x2
The jackal moves out of view.
Danger!
A lemure comes into view. x2
Unknown command.
The jackal attacks as you move away! You block the jackal's attack.
The jackal bites you but does no damage.
You miss the jackal. You block the jackal's attack.
You barely miss the jackal. The jackal misses you.
You block the jackal's attack.
You scratch the jackal. You block the jackal's attack.
You scratch the jackal but do no damage.
The jackal bites you but does no damage.
You block the jackal's attack.
You scratch the jackal. The jackal bites you.
The jackal bites you but does no damage.
You barely miss the jackal.
The jackal bites you but does no damage.
You scratch the jackal.
The jackal bites you but does no damage. x2
You scratch the jackal but do no damage.
Pikel, Merchant of Souls comes into view.
He is wielding a +1 whip of flaming.
The jackal barely misses you.
You barely miss the jackal.
The jackal bites you but does no damage.
The jackal barely misses you.
You closely miss the jackal. The jackal closely misses you.
You closely miss the jackal.
Pikel shouts!
You hear a bark!
The jackal bites you but does no damage.
You block the jackal's attack.
You barely miss the jackal. You block the jackal's attack.
You scratch the jackal but do no damage.
The jackal closely misses you. You block the jackal's attack.
You claw the jackal!
You kill the jackal!
You claw the jackal!
You kill the jackal!
You feel better.
You barely miss the lemure. You block the lemure's attack.
Pikel says, "Hell isn't that bad."
A lemure comes into view.
The lemure hits you but does no damage.
You barely miss the lemure.
A lemure comes into view.
The lemure hits you.
You scratch the lemure. You barely miss Pikel.
Pikel hits you with a +1 whip of flaming.
Pikel burns you.
You scratch Pikel. You block Pikel's attack.
You scratch Pikel. Pikel hits you but does no damage.
You scratch Pikel.
Pikel hits you with a +1 whip of flaming.
Pikel burns you.
You scratch Pikel but do no damage. You block Pikel's attack.
You barely miss Pikel. Pikel barely misses you.
A ball python comes into view.
You closely miss Pikel. You block Pikel's attack.
You closely miss Pikel. You block Pikel's attack.
You scratch Pikel.
Pikel hits you with a +1 whip of flaming.
Pikel burns you.
You scratch Pikel.
Pikel hits you with a +1 whip of flaming!
* * * LOW HITPOINT WARNING * * *
Pikel burns you.
* * * LOW HITPOINT WARNING * * *
You scratch Pikel. Pikel waves his whip at you.
Pikel hits you but does no damage.
You barely miss Pikel.
Pikel hits you with a +1 whip of flaming.
* * * LOW HITPOINT WARNING * * *
Pikel burns you.
* * * LOW HITPOINT WARNING * * *
You block Pikel's attack.
You barely miss Pikel.
Pikel hits you with a +1 whip of flaming!
* * * LOW HITPOINT WARNING * * *
Pikel burns you.
You die...

Skill      XL: |  1  2  3  4  5 |
---------------+----------------+-----
Unarmed Combat | 4 5 |  5.6
Fighting       | 4 |  4.3
Shields        | 1 |  1.0
Dodging        | |  2.6
Stealth        | |  2.1

Action                   |  1- 3 |  4- 6 || total
-------------------------+-------+-------++-------
Melee: Unarmed           |   131 |   122 ||   253
       Punch             |     2 |       ||     2
  Use: Scroll            |       |    11 ||    11
       Potion            |       |     1 ||     1
 Stab: Sleeping          |       |     2 ||     2
Armor: Robe              |     9 |       ||     9
       Ring mail         |    40 |    33 ||    73
Dodge: Dodged            |    89 |    46 ||   135
Block: Kite shield       |       |    48 ||    48

Levels and vault maps discovered:
D:1:      nicolae_arrival_memento_mori, layout_basic
D:2:      layout_rooms
D:3:      layout_loops_ring, nicolae_sif_muna_condensation,
          ebering_ghost_rock_garden, basic_ecumenical_altar, nrook_mini_vaults,
          kennysheep_potato
D:4:      layout_rooms, serial_shops, nicolae_shop_statue_plus,
          nicolae_shop_waterfront, shop, shop, shop_statue,
          kennysheep_flooded_box, chequers_big_river, nicolae_titane, uniq_pikel

Notes
Turn   | Place    | Note
-------+----------+-------------------------------------------
     0 | D:1      | Sobieck the Ghoul Monk began the quest for the Orb.
     0 | D:1      | Reached XP level 1. HP: 19/19 MP: 0/0
    37 | D:1      | Reached XP level 2. HP: 15/26 MP: 1/1
   201 | D:1      | Reached skill level 4 in Unarmed Combat
   598 | D:1      | Reached XP level 3. HP: 31/31 MP: 2/2
  1135 | D:2      | Reached XP level 4. HP: 32/40 MP: 3/3
  1142 | D:2      | Reached skill level 5 in Unarmed Combat
  1408 | D:2      | Reached skill level 4 in Fighting
  1714 | D:3      | Found a runed translucent gate.
  1714 | D:3      | Found a runed translucent gate.
  1715 | D:3      | Found a runed translucent gate.
  1716 | D:3      | Noticed SweetJohnnyV's ghost (novice MiAK)
  1765 | D:3      | Found a shimmering blue altar of Sif Muna.
  1847 | D:3      | Found a faded altar of an unknown god.
  2212 | D:3      | Reached XP level 5. HP: 44/46 MP: 4/4
  2499 | D:4      | Found Tota's Weapon Boutique.
  2634 | D:4      | Reached skill level 1 in Shields
  2715 | D:4      | Found Hazufi's Weapon Boutique.
  2783 | D:4      | Noticed a lemure
  2783 | D:4      | Noticed a lemure
  2795 | D:4      | Noticed Pikel
  2803 | D:4      | Noticed a lemure
  2804 | D:4      | Noticed a lemure
  2818 | D:4      | HP: 2/46 [Pikel/+1 whip of flaming (10)]
  2818 | D:4      | Slain by Pikel

Vanquished Creatures
  An orc wizard (D:3)
  5 adders
  2 worms
  A dart slug (D:1)
  4 orcs
  7 ball pythons
  7 bats
  5 endoplasms
  2 giant cockroaches (D:1)
  4 goblins
  4 hobgoblins
  8 jackals
  A quokka (D:1)
  6 frilled lizards
  9 kobolds
  5 rats
71 creatures vanquished.

Vanquished Creatures (others)
  7 plants (D:4)
7 creatures vanquished.

Grand Total: 78 creatures vanquished

Table legend:
 A = Non-vault XP
 B = Vault XP
 C = Vault XP percentage of total XP
 D = Non-vault monster count
 E = Vault monster count
 F = Vault count percentage of total count
                 A         B        C        D         E       F
            +---------+---------+-------+---------+---------+-------
      Total |     216 |       7 |   3.1 |      69 |       2 |   2.8
            +---------+---------+-------+---------+---------+-------
        D:1 |      47 |       0 |   0.0 |      28 |       0 |   0.0
        D:2 |      69 |       0 |   0.0 |      18 |       0 |   0.0
        D:3 |      92 |       7 |   7.1 |      19 |       2 |   9.5
        D:4 |       8 |       0 |   0.0 |       4 |       0 |   0.0
            +---------+---------+-------+---------+---------+-------

Illustrated notes

Table legend:
 A = Kills in this place as a percentage of kills in entire the game.
 B = Kills by you in this place as a percentage of kills by you in the entire game.
 C = Kills by friends in this place as a percentage of kills by friends in the entire game.
 D = Other kills in this place as a percentage of other kills in the entire game.
 E = Experience gained in this place as a percentage of experience gained in the entire game.
 F = Experience gained in this place divided by the number of levels of this place that you have seen.
                   A       B       C       D       E      F
               +-------+-------+-------+-------+-------+----------------------
         Total | 100.0 | 100.0 |   N/A |   N/A | 100.0 |  55.8
       Dungeon | 100.0 | 100.0 |   N/A |   N/A | 100.0 |  55.8
               +-------+-------+-------+-------+-------+----------------------

Table legend: (Time is in decaauts)
 A = Elapsed time spent in this place.
 B = Non-inter-level travel time spent in this place.
 C = Inter-level travel time spent in this place.
 D = Time resting spent in this place.
 E = Time spent auto-exploring this place.
 F = Levels seen in this place.
 G = Mean time per level.
                   A        B        C        D        E       F      G
               +--------+--------+--------+--------+--------+-----+--------+
         Total |   2818 |   2738 |     80 |    311 |   1845 |   4 |  704.5 |
       Dungeon |   2818 |   2738 |     80 |    311 |   1845 |   4 |  704.5 |
               +--------+--------+--------+--------+--------+-----+--------+

Top non-repeatable levels by time:
     D:3: 1002 daAuts
     D:1: 942 daAuts
     D:2: 662 daAuts
     D:4: 210 daAuts
